2361 views
Uploaded 2022-03-19 11:56:58
Game version 1.32.10
17:24 long 4on4 ladder game on (8)Mur'gulOasis_LV
Saved by xzz
2361 views
Uploaded 2022-03-19 11:56:58
Game version 1.32.10
17:24 long 4on4 ladder game on (8)Mur'gulOasis_LV

117 units @ 14.3k
/ 1.4k
49 buildings @ 8.2k
/ 2.9k

| Wisp | 12 | 720 | / | 0 |
| Huntress | 7 | 1365 | / | 140 |
| Archer | 6 | 780 | / | 60 |
| Glaive Thrower | 7 | 1470 | / | 455 |
| total: | 32 | 4335g | / | 655w |
| Altar of Elders | 1 | 180 | / | 50 |
| Moon Well | 4 | 720 | / | 160 |
| Hunter's Hall | 1 | 210 | / | 100 |
| Ancient of War | 2 | 300 | / | 120 |
| Tree of Life | 1 | 340 | / | 185 |
| Tree of Ages | 1 | 320 | / | 180 |
| total: | 9 | 1750g | / | 615w |
| 0:06 | Wisp |
| 0:06 | Wisp |
| 0:09 | Altar of Elders |
| 0:22 | Moon Well |
| 0:24 | Wisp |
| 0:35 | Wisp |
| 0:49 | Wisp |
| 1:13 | Wisp |
| 1:17 | Wisp |
| 1:36 | Wisp |
| 1:40 | Wisp |
| 1:50 | Wisp |
| 2:08 | Hunter's Hall |
| 2:09 | Ancient of War |
| 2:10 | Ancient of War |
| 2:16 | Wisp |
| 2:24 | Entangling Roots |
| 2:27 | Wisp |
| 2:29 | Moon Well |
| 2:58 | Moon Well |
| 3:32 | Huntress |
| 3:45 | Huntress |
| 4:05 | Huntress |
| 4:40 | Huntress |
| 5:12 | Huntress |
| 5:30 | Huntress |
| 5:44 | Huntress |
| 6:19 | Moon Armor |
| 6:20 | Strength of the Moon |
| 6:25 | Moon Well |
| 6:27 | Force of Nature |
| 7:12 | Archer |
| 7:52 | Archer |
| 8:02 | Archer |
| 8:05 | Tree of Ages |
| 8:47 | Entangling Roots |
| 9:38 | Glaive Thrower |
| 10:22 | Archer |
| 10:53 | Force of Nature |
| 11:08 | Vorpal Blades |
| 11:25 | Archer |
| 11:26 | Improved Bows |
| 11:42 | Glaive Thrower |
| 12:31 | Glaive Thrower |
| 12:54 | Tree of Life |
| 14:12 | Glaive Thrower |
| 14:40 | Glaive Thrower |
| 15:05 | Entangling Roots |
| 15:42 | Glaive Thrower |
| 16:15 | Glaive Thrower |
| 16:19 | Improved Strength of the Moon |
| 17:16 | Archer |
| Right click | 1026 |
| Select group | 792 |
| Misc. action | 519 |
| Select | 285 |
| Build/train/purchase | 65 |
| Assign group | 54 |
| Use ability | 23 |
| Minimap ping | 11 |
| Esc | 3 |

| Lesser Clarity Potion | 4 | 280 |
| Healing Salve | 4 | 400 |
| Scroll of Speed | 1 | 50 |
| Potion of Mana | 6 | 1200 |
| Orb of Lightning | 1 | 375 |
| Potion of Healing | 1 | 150 |
| Tiny Great Hall | 3 | 1800 |
| Periapt of Vitality | 1 | 325 |
| Staff of Teleportation | 1 | 150 |
| total: | 22 | 4730g |
| Peon | 26 | 1950 | / | 0 |
| total: | 26 | 1950g | / | 0w |
| Watch Tower | 8 | 880 | / | 640 |
| Altar of Storms | 1 | 180 | / | 50 |
| Orc Burrow | 3 | 480 | / | 120 |
| Voodoo Lounge | 6 | 780 | / | 180 |
| War Mill | 1 | 205 | / | 0 |
| Stronghold | 1 | 315 | / | 190 |
| Fortress | 1 | 325 | / | 190 |
| total: | 19 | 2525g | / | 990w |
| 0:02 | Peon |
| 0:03 | Peon |
| 0:03 | Peon |
| 0:07 | Altar of Storms |
| 0:14 | Orc Burrow |
| 0:56 | Voodoo Lounge |
| 0:59 | Peon |
| 1:00 | Peon |
| 1:00 | Peon |
| 1:00 | Peon |
| 1:21 | Orc Burrow |
| 1:26 | Peon |
| 2:10 | Voodoo Lounge |
| 2:11 | Lesser Clarity Potion |
| 2:12 | Lesser Clarity Potion |
| 2:12 | Healing Salve |
| 2:12 | Healing Salve |
| 2:16 | Scroll of Speed |
| 2:43 | Serpent Ward |
| 3:28 | Periapt of Vitality |
| 3:41 | Staff of Teleportation |
| 6:05 | Stronghold |
| 6:11 | Voodoo Lounge |
| 6:14 | Voodoo Lounge |
| 6:25 | Lesser Clarity Potion |
| 6:25 | Lesser Clarity Potion |
| 6:27 | Healing Salve |
| 6:30 | Healing Salve |
| 6:46 | Voodoo Lounge |
| 6:51 | Voodoo Lounge |
| 7:31 | Healing Wave |
| 8:46 | Orc Burrow |
| 9:05 | Potion of Mana |
| 9:05 | Potion of Mana |
| 9:09 | Potion of Mana |
| 9:10 | Potion of Mana |
| 9:10 | Potion of Mana |
| 9:46 | War Mill |
| 9:52 | Fortress |
| 10:41 | Healing Wave |
| 11:47 | Watch Tower |
| 11:49 | Watch Tower |
| 12:26 | Orb of Lightning |
| 12:27 | Potion of Mana |
| 12:28 | Potion of Healing |
| 12:50 | Peon |
| 12:50 | Peon |
| 12:51 | Peon |
| 12:51 | Peon |
| 12:52 | Peon |
| 12:57 | Watch Tower |
| 13:02 | Watch Tower |
| 13:07 | Watch Tower |
| 13:10 | Watch Tower |
| 13:16 | Tiny Great Hall |
| 13:39 | Tiny Great Hall |
| 13:55 | Tiny Great Hall |
| 14:26 | Watch Tower |
| 14:30 | Watch Tower |
| 14:55 | Peon |
| 14:55 | Peon |
| 14:55 | Peon |
| 15:25 | Serpent Ward |
| 15:56 | Peon |
| 15:56 | Peon |
| 16:01 | Peon |
| 16:01 | Peon |
| 16:01 | Peon |
| 16:01 | Peon |
| 16:02 | Peon |
| 16:09 | Peon |
| 16:09 | Peon |
| 16:09 | Peon |
| Right click | 278 |
| Select | 128 |
| Build/train/purchase | 68 |
| Use ability | 64 |
| Minimap ping | 20 |
| Item give/drop | 6 |
| Remove unit | 3 |
| Assign group | 1 |
| Select group | 1 |
| Esc | 1 |



| Peon | 6 | 450 | / | 0 |
| Troll Headhunter | 30 | 4200 | / | 600 |
| Wind Rider | 1 | 265 | / | 40 |
| Kodo Beast | 1 | 255 | / | 60 |
| total: | 38 | 5170g | / | 700w |
| Watch Tower | 2 | 220 | / | 160 |
| Altar of Storms | 1 | 180 | / | 50 |
| Orc Burrow | 4 | 640 | / | 160 |
| War Mill | 1 | 205 | / | 0 |
| Barracks | 2 | 360 | / | 100 |
| Great Hall | 1 | 385 | / | 185 |
| Beastiary | 1 | 145 | / | 140 |
| Stronghold | 1 | 315 | / | 190 |
| Fortress | 1 | 325 | / | 190 |
| total: | 12 | 2135g | / | 795w |
| 0:04 | Peon |
| 0:04 | Peon |
| 0:07 | Altar of Storms |
| 0:10 | Orc Burrow |
| 0:32 | Peon |
| 0:43 | Peon |
| 0:52 | War Mill |
| 1:00 | Peon |
| 1:13 | Barracks |
| 1:28 | Peon |
| 1:51 | Orc Burrow |
| 1:59 | Orc Burrow |
| 2:13 | Feral Spirit |
| 2:15 | Troll Headhunter |
| 2:26 | Troll Headhunter |
| 2:57 | Troll Headhunter |
| 3:00 | Barracks |
| 3:34 | Troll Headhunter |
| 4:00 | Troll Headhunter |
| 4:18 | Troll Headhunter |
| 4:18 | Troll Headhunter |
| 4:42 | Chain Lighting |
| 4:43 | Troll Headhunter |
| 4:43 | Troll Headhunter |
| 4:47 | Troll Headhunter |
| 4:49 | Orc Burrow |
| 5:03 | Troll Headhunter |
| 5:11 | Steel Armor |
| 5:23 | Troll Headhunter |
| 6:01 | Troll Headhunter |
| 6:02 | Troll Headhunter |
| 6:22 | Feral Spirit |
| 7:23 | Troll Headhunter |
| 7:23 | Troll Headhunter |
| 7:24 | Troll Headhunter |
| 7:24 | Troll Headhunter |
| 7:44 | Troll Headhunter |
| 7:45 | Troll Headhunter |
| 7:48 | Steel Ranged Weapons |
| 8:22 | Troll Headhunter |
| 8:22 | Troll Headhunter |
| 8:50 | Chain Lighting |
| 9:39 | Troll Headhunter |
| 9:39 | Troll Headhunter |
| 9:40 | Stronghold |
| 10:38 | Feral Spirit |
| 10:39 | Troll Headhunter |
| 10:39 | Troll Headhunter |
| 11:23 | Troll Headhunter |
| 11:24 | Troll Headhunter |
| 12:04 | Fortress |
| 12:32 | Troll Headhunter |
| 12:32 | Troll Headhunter |
| 12:34 | Troll Regeneration |
| 13:06 | Healing Wave |
| 13:09 | Thorium Ranged Weapons |
| 13:09 | Thorium Armor |
| 13:13 | Beastiary |
| 13:59 | Hex |
| 14:25 | Great Hall |
| 14:31 | Wind Rider |
| 14:34 | War Drums Damage Increase |
| 14:35 | Kodo Beast |
| 15:04 | Healing Wave |
| 15:50 | War Stomp |
| 15:53 | Watch Tower |
| 15:54 | Watch Tower |
| 15:56 | Spiked Barricades |
| 16:53 | Endurance Aura |
| Chat | 469 |
| Select group | 280 |
| Right click | 259 |
| Select | 138 |
| Build/train/purchase | 91 |
| Assign group | 31 |
| Use ability | 23 |
| Item give/drop | 4 |
| Esc | 2 |

| Peon | 11 | 825 | / | 0 |
| Grunt | 10 | 2000 | / | 0 |
| total: | 21 | 2825g | / | 0w |
| Altar of Storms | 1 | 180 | / | 50 |
| Orc Burrow | 4 | 640 | / | 160 |
| Barracks | 2 | 360 | / | 100 |
| War Mill | 1 | 205 | / | 0 |
| Great Hall | 1 | 385 | / | 185 |
| Stronghold | 1 | 315 | / | 190 |
| Fortress | 1 | 325 | / | 190 |
| total: | 9 | 1770g | / | 495w |
| 0:04 | Peon |
| 0:04 | Peon |
| 0:14 | Altar of Storms |
| 0:18 | Orc Burrow |
| 0:47 | Peon |
| 0:48 | Peon |
| 1:11 | Barracks |
| 1:38 | Peon |
| 1:38 | Peon |
| 1:38 | Peon |
| 1:42 | Orc Burrow |
| 2:01 | Barracks |
| 2:16 | Grunt |
| 2:20 | Pillage |
| 2:28 | Serpent Ward |
| 2:50 | Grunt |
| 2:54 | Orc Burrow |
| 3:25 | Grunt |
| 4:37 | Grunt |
| 4:56 | War Mill |
| 5:24 | Orc Burrow |
| 5:40 | Grunt |
| 6:32 | Stronghold |
| 6:33 | Steel Melee Weapons |
| 6:43 | Hex |
| 7:18 | Grunt |
| 7:22 | Grunt |
| 8:55 | Thorium Melee Weapons |
| 8:57 | Berserker Strength |
| 9:00 | Fortress |
| 9:44 | Steel Armor |
| 10:06 | Serpent Ward |
| 11:12 | Hex |
| 11:26 | Great Hall |
| 11:31 | Reinforced Defenses |
| 11:33 | Arcanite Melee Weapons |
| 12:18 | Grunt |
| 13:22 | Spiked Barricades |
| 14:16 | Peon |
| 14:16 | Peon |
| 14:16 | Peon |
| 14:16 | Peon |
| 16:17 | Serpent Ward |
| 16:39 | Thorium Armor |
| 16:41 | Grunt |
| 16:42 | Grunt |
| Right click | 399 |
| Select | 177 |
| Build/train/purchase | 49 |
| Use ability | 45 |
| Chat | 6 |
| Minimap ping | 3 |
| Misc. action | 1 |
| Remove unit | 1 |
72 units @ 9.1k
/ 0.9k
51 buildings @ 6.3k
/ 2.1k

| Healing Salve | 3 | 300 |
| Lesser Clarity Potion | 3 | 210 |
| Scroll of Speed | 3 | 150 |
| Potion of Mana | 3 | 600 |
| Potion of Healing | 5 | 750 |
| Scroll of Town Portal | 1 | 350 |
| total: | 18 | 2360g |
| Peon | 7 | 525 | / | 0 |
| Grunt | 2 | 400 | / | 0 |
| Troll Headhunter | 12 | 1680 | / | 240 |
| Wind Rider | 3 | 795 | / | 120 |
| total: | 24 | 3400g | / | 360w |
| Watch Tower | 5 | 550 | / | 400 |
| Altar of Storms | 1 | 180 | / | 50 |
| Orc Burrow | 3 | 480 | / | 120 |
| Barracks | 1 | 180 | / | 50 |
| War Mill | 1 | 205 | / | 0 |
| Voodoo Lounge | 1 | 130 | / | 30 |
| Beastiary | 1 | 145 | / | 140 |
| Stronghold | 1 | 315 | / | 190 |
| total: | 13 | 1870g | / | 790w |
| 0:12 | Altar of Storms |
| 0:14 | Orc Burrow |
| 0:16 | Peon |
| 0:16 | Peon |
| 0:48 | Barracks |
| 0:53 | Peon |
| 1:23 | War Mill |
| 1:40 | Voodoo Lounge |
| 1:51 | Peon |
| 1:57 | Grunt |
| 2:11 | Peon |
| 2:22 | Serpent Ward |
| 2:28 | Orc Burrow |
| 2:46 | Troll Headhunter |
| 2:50 | Peon |
| 3:29 | Troll Headhunter |
| 3:51 | Peon |
| 3:52 | Troll Headhunter |
| 4:25 | Stronghold |
| 4:30 | Healing Salve |
| 4:35 | Hex |
| 4:37 | Lesser Clarity Potion |
| 4:45 | Scroll of Speed |
| 5:26 | Troll Headhunter |
| 7:27 | Potion of Mana |
| 7:27 | Potion of Healing |
| 7:31 | Serpent Ward |
| 7:50 | Scroll of Speed |
| 8:47 | Lesser Clarity Potion |
| 8:47 | Healing Salve |
| 8:50 | Grunt |
| 8:55 | Beastiary |
| 9:15 | Troll Headhunter |
| 9:18 | Scroll of Speed |
| 9:22 | Watch Tower |
| 9:25 | Watch Tower |
| 9:41 | Troll Headhunter |
| 9:53 | Troll Headhunter |
| 10:31 | Troll Headhunter |
| 11:07 | Hex |
| 11:34 | Troll Headhunter |
| 11:34 | Troll Headhunter |
| 11:34 | Troll Headhunter |
| 12:07 | Wind Rider |
| 12:21 | Reinforced Defenses |
| 12:25 | Watch Tower |
| 12:28 | Watch Tower |
| 12:32 | Watch Tower |
| 12:38 | Lesser Clarity Potion |
| 12:38 | Healing Salve |
| 12:45 | Wind Rider |
| 13:04 | Spiked Barricades |
| 13:30 | Orc Burrow |
| 14:09 | Potion of Mana |
| 14:09 | Potion of Healing |
| 14:32 | Troll Headhunter |
| 14:34 | Wind Rider |
| 14:37 | Serpent Ward |
| 15:36 | Potion of Healing |
| 15:36 | Potion of Healing |
| 15:36 | Potion of Healing |
| 15:40 | Potion of Mana |
| 15:40 | Scroll of Town Portal |
| Right click | 1054 |
| Select | 222 |
| Chat | 162 |
| Select group | 103 |
| Build/train/purchase | 73 |
| Use ability | 67 |
| Assign group | 22 |
| Minimap ping | 10 |
| Misc. action | 3 |
| Esc | 1 |

| Scroll of Regeneration | 1 | 100 |
| Lesser Clarity Potion | 1 | 70 |
| total: | 2 | 170g |
| Peasant | 11 | 825 | / | 0 |
| Gryphon Rider | 4 | 1120 | / | 280 |
| Knight | 1 | 245 | / | 60 |
| total: | 16 | 2190g | / | 340w |
| Scout Tower | 2 | 60 | / | 40 |
| Guard Tower | 1 | 70 | / | 50 |
| Farm | 11 | 880 | / | 220 |
| Altar of Kings | 1 | 180 | / | 50 |
| Lumber Mill | 1 | 120 | / | 0 |
| Blacksmith | 1 | 140 | / | 60 |
| Arcane Vault | 1 | 130 | / | 30 |
| Barracks | 1 | 160 | / | 60 |
| Gryphon Aviary | 2 | 280 | / | 300 |
| Keep | 1 | 320 | / | 210 |
| Castle | 1 | 360 | / | 210 |
| total: | 20 | 1950g | / | 760w |
| 0:03 | Peasant |
| 0:03 | Peasant |
| 0:03 | Peasant |
| 0:03 | Peasant |
| 0:03 | Peasant |
| 0:12 | Farm |
| 0:19 | Altar of Kings |
| 0:39 | Peasant |
| 0:39 | Peasant |
| 1:17 | Peasant |
| 1:38 | Lumber Mill |
| 1:43 | Peasant |
| 1:57 | Farm |
| 2:03 | Keep |
| 2:20 | Pocket Factory |
| 2:26 | Blacksmith |
| 3:24 | Farm |
| 3:45 | Farm |
| 3:46 | Iron Forged Swords |
| 3:50 | Arcane Vault |
| 4:32 | Peasant |
| 4:32 | Peasant |
| 4:35 | Improved Lumber Harvesting |
| 4:45 | Engineering Upgrade |
| 4:55 | Gryphon Aviary |
| 5:26 | Scroll of Regeneration |
| 5:27 | Lesser Clarity Potion |
| 5:36 | Castle |
| 5:38 | Gryphon Aviary |
| 5:41 | Farm |
| 5:43 | Farm |
| 5:44 | Steel Forged Swords |
| 6:38 | Farm |
| 6:54 | Farm |
| 7:09 | Studded Leather Armor |
| 7:17 | Pocket Factory |
| 7:52 | Farm |
| 8:05 | Gryphon Rider |
| 8:10 | Farm |
| 8:15 | Gryphon Rider |
| 8:20 | Barracks |
| 8:37 | Scout Tower |
| 8:40 | Improved Masonry |
| 8:58 | Iron Plating |
| 9:01 | Scout Tower |
| 9:08 | Guard Tower |
| 9:12 | Storm Hammers |
| 9:23 | Gryphon Rider |
| 9:42 | Knight |
| 10:10 | Gryphon Rider |
| 10:21 | Cluster Rockets |
| 14:16 | Farm |
| 15:20 | Pocket Factory |
| Right click | 392 |
| Select | 196 |
| Build/train/purchase | 44 |
| Chat | 28 |
| Use ability | 23 |
| Minimap ping | 2 |
| Misc. action | 1 |
| Item give/drop | 1 |
| Remove unit | 1 |

| Scroll of Regeneration | 1 | 100 |
| Scroll of Town Portal | 1 | 350 |
| total: | 2 | 450g |
| Peasant | 8 | 600 | / | 0 |
| Footman | 5 | 675 | / | 0 |
| Rifleman | 3 | 615 | / | 90 |
| total: | 16 | 1890g | / | 90w |
| Altar of Kings | 1 | 180 | / | 50 |
| Farm | 5 | 400 | / | 100 |
| Barracks | 1 | 160 | / | 60 |
| Arcane Vault | 1 | 130 | / | 30 |
| Blacksmith | 1 | 140 | / | 60 |
| Lumber Mill | 1 | 120 | / | 0 |
| Keep | 1 | 320 | / | 210 |
| total: | 10 | 1130g | / | 300w |
| 0:04 | Peasant |
| 0:04 | Peasant |
| 0:09 | Altar of Kings |
| 0:16 | Farm |
| 0:27 | Barracks |
| 0:36 | Peasant |
| 0:46 | Peasant |
| 0:57 | Farm |
| 1:09 | Peasant |
| 1:28 | Peasant |
| 1:33 | Footman |
| 1:38 | Farm |
| 1:40 | Peasant |
| 1:53 | Arcane Vault |
| 2:01 | Footman |
| 2:09 | Peasant |
| 2:29 | Footman |
| 2:32 | Farm |
| 2:38 | Storm Bolt |
| 2:54 | Footman |
| 3:01 | Blacksmith |
| 3:15 | Lumber Mill |
| 3:54 | Footman |
| 3:57 | Keep |
| 4:16 | Farm |
| 4:29 | Rifleman |
| 5:11 | Scroll of Regeneration |
| 5:22 | Rifleman |
| 6:13 | Rifleman |
| 6:33 | Scroll of Town Portal |
| Right click | 222 |
| Select | 98 |
| Build/train/purchase | 26 |
| Select group | 22 |
| Assign group | 16 |
| Chat | 11 |
| Misc. action | 7 |
| Use ability | 7 |

| Lesser Clarity Potion | 1 | 70 |
| Healing Salve | 1 | 100 |
| Scroll of Speed | 1 | 50 |
| total: | 3 | 220g |
| Peon | 10 | 750 | / | 0 |
| Troll Headhunter | 6 | 840 | / | 120 |
| total: | 16 | 1590g | / | 120w |
| Orc Burrow | 4 | 640 | / | 160 |
| Altar of Storms | 1 | 180 | / | 50 |
| Voodoo Lounge | 1 | 130 | / | 30 |
| Barracks | 1 | 180 | / | 50 |
| War Mill | 1 | 205 | / | 0 |
| Stronghold | 1 | 315 | / | 190 |
| total: | 8 | 1335g | / | 290w |
| 0:05 | Peon |
| 0:08 | Orc Burrow |
| 0:16 | Altar of Storms |
| 0:20 | Voodoo Lounge |
| 0:26 | Peon |
| 0:47 | Peon |
| 0:59 | Peon |
| 1:13 | Peon |
| 1:34 | Peon |
| 1:34 | Peon |
| 1:45 | Orc Burrow |
| 1:51 | Peon |
| 2:17 | Peon |
| 2:23 | Lesser Clarity Potion |
| 2:24 | Healing Salve |
| 2:26 | Scroll of Speed |
| 2:37 | Peon |
| 3:06 | Wind Walk |
| 3:44 | Barracks |
| 4:20 | Stronghold |
| 4:24 | War Mill |
| 4:46 | Orc Burrow |
| 5:53 | Troll Headhunter |
| 5:53 | Troll Headhunter |
| 6:09 | Orc Burrow |
| 6:24 | Troll Headhunter |
| 6:39 | Troll Headhunter |
| 7:08 | Mirror Image |
| 7:11 | Troll Headhunter |
| 7:12 | Troll Headhunter |
| Right click | 245 |
| Select | 79 |
| Chat | 59 |
| Build/train/purchase | 32 |
| Select group | 10 |
| Assign group | 6 |
| Use ability | 2 |
| Minimap ping | 2 |